 Dungeon Crawl Stone Soup version 0.29.1-1-gd02db6906a (webtiles) character file.

Game seed: 5432505670408330297

23 H0rd4k the Charlatan (level 3, 0/26 HPs)
             Began as a Human Artificer on Oct 10, 2022.
             Killed from afar by a dart slug (1 damage)
             ... with a slug dart
             ... on level 1 of the Dungeon.
             The game lasted 00:00:54 (941 turns).

H0rd4k the Charlatan (Human Artificer)               Turns: 941, Time: 00:00:55

Health: 0/26       AC:  3    Str: 12    XL:     3   Next: 12%
Magic:  3/3        EV: 11    Int: 13    God:
Gold:   9          SH:  0    Dex: 13    Spells: 2/2 levels left

rFire   . . .      SeeInvis .   a - +0 club
rCold   . . .      Faith    .   (no shield)
rNeg    . . .      Spirit   .   b - +0 leather armour
rPois   .          Reflect  .   (no helmet)
rElec   .          Harm     .   (no cloak)
rCorr   .          Rampage  .   (no gloves)
Will    .....                   (no boots)
Stlth   +.........              (no amulet)
HPRegen 0.08/turn               (no ring)
MPRegen 0.08/turn               (no ring)

@: no status effects
A: no striking features
a: no special abilities


You were on level 1 of the Dungeon.
You visited 1 branch of the dungeon, and saw 1 of its levels.

You collected 9 gold pieces.

Inventory:

Hand Weapons
 a - a +0 club (weapon)
Armour
 b - a +0 leather armour (worn)
Wands
 c - a wand of flame (12) (quivered)
 d - a wand of charming (15)
 e - a wand of iceblast (5)
Scrolls
 g - a scroll of identify {unknown}
 i - a scroll of fear {unknown}
Potions
 f - 3 potions of curing {unknown}
 h - a potion of mutation {unknown}


   Skills:
 + Level 1.5 Fighting
 + Level 1.7 Maces & Flails
 - Level 2.0 Armour
 + Level 1.5 Dodging
 - Level 1.0 Stealth
 - Level 3.0 Evocations


You had 2 spell levels left.
You didn't know any spells.
Your spell library contained the following spells:

 Spells                   Type           Power      Damage    Failure   Level
 Blink                    Tloc           0%         N/A       52%         2
 Confusing Touch          Hex            0%         N/A       75%         3
 Gell's Gravitas          Tloc           0%         N/A       75%         3
 Lesser Beckoning         Tloc           0%         N/A       75%         3
 Teleport Other           Tloc           0%         N/A       75%         3
 Manifold Assault         Tloc           0%         N/A       100%        5
 Yara's Violent Unravell  Hex/Tmut       0%         3d3       100%        5
 Enfeeble                 Hex            0%         N/A       100%        7


Dungeon Overview and Level Annotations

Branches:
Dungeon (1/15)

Altars:


Message History

You kill the goblin!
You hit the rat.
You kill the rat!
The dart slug launches a dart at you. The slug dart hits you.
Things that are here:
a +0 club; a goblin corpse The dart slug misses you.
You hit the dart slug but do no damage. You completely miss the dart slug.
The dart slug bites you but does no damage.
You hit the dart slug but do no damage. The dart slug bites you.
* * * LOW HITPOINT WARNING * * *
You hit the dart slug.
The dart slug is heavily wounded.
The dart slug bites you but does no damage.
You hit the dart slug.
The dart slug is almost dead.
The dart slug closely misses you.
You barely miss the dart slug.
The dart slug is almost dead.
You barely miss the dart slug.
The dart slug is almost dead.
The dart slug launches a dart at you. The slug dart misses you.
You hit the dart slug but do no damage.
The dart slug is almost dead.
The dart slug launches a dart at you. The slug dart hits you.
* * * LOW HITPOINT WARNING * * *
You hit the dart slug.
The dart slug is almost dead.
The dart slug launches a dart at you. The slug dart hits you.
* * * LOW HITPOINT WARNING * * *
You hit the dart slug but do no damage.
The dart slug is almost dead.
The dart slug launches a dart at you. The slug dart hits you.
You die...

#....############
#.#.............#
#.##......#####.# #......[..#
#.# ##############......# #.#
#.....#...# #......# #.#
..#...#.#...#####.###### #.#
...............##.##...####.###
.............w@)...............
...............##.##........###
#.......#...#.....##....#####
......#######.#########.####
.>.... ... ...........# #####.
############.##.#### #.
###.##.#... #...##..... ###)#
#...


You could see a dart slug.

Vanquished Creatures
  A dart slug (D:1)
  4 ball pythons (D:1)
  2 bats (D:1)
  2 endoplasms (D:1)
  A giant cockroach (D:1)
  2 goblins (D:1)
  A hobgoblin (D:1)
  3 kobolds (D:1)
  4 rats (D:1)
20 creatures vanquished.

Notes
Turn   | Place    | Note
-------+----------+-------------------------------------------
     0 | D:1      | H0rd4k the Human Artificer began the quest for the Orb.
     0 | D:1      | Reached XP level 1. HP: 15/15 MP: 1/1
   165 | D:1      | Reached XP level 2. HP: 4/21 MP: 2/2
   421 | D:1      | Reached skill level 1 in Maces & Flails
   762 | D:1      | Reached XP level 3. HP: 26/26 MP: 3/3
   940 | D:1      | HP: 1/26 [dart slug/slug dart (3)]
   941 | D:1      | Killed from afar by a dart slug

Illustrated notes

Levels and vault maps discovered:
D:1:      dpeg_arrival_tiny_a, layout_basic

Skill      XL: |  1  2 |
---------------+-------+-----
Maces & Flails | 1 |  1.7
Fighting       | |  1.5
Armour         | |  2.0
Dodging        | |  1.5
Stealth        | |  1.0
Evocations     | |  3.0

Action                   || total
-------------------------++-------
Melee: Club              ||    72
       Punch             ||     1
Evoke: Wand              ||     3
Armor: Leather armour    ||    21
Dodge: Dodged            ||    53
